 Dungeon Crawl Stone Soup version 0.21.1-1-g345015fe64 (webtiles) character file.

31 Brecoman the Caller (level 3, -15/19 HPs)
             Began as a Tengu Summoner on June 14, 2018.
             Demolished by an orc warrior
             ... wielding a +0 long sword
              (18 damage)
             ... on level 3 of the Dungeon.
             The game lasted 00:14:52 (1622 turns).

Brecoman the Caller (Tengu Summoner)                Turns: 1622, Time: 00:14:56

Health: -15/19     AC:  5    Str:  8    XL:     3   Next: 22%
Magic:  1/7        EV: 12    Int: 16    God:
Gold:   37         SH:  0    Dex: 14    Spells: 4/7 levels left

rFire    . . .     SeeInvis .   p - +0 spear
rCold    . . .     Gourm    .   (no shield)
rNeg     . . .     Faith    .   a - +0 robe
rPois    .         Spirit   .   (helmet restricted)
rElec    .         Reflect  .   (no cloak)
rCorr    .         Harm     .   r - +2 pair of gloves
MR       .....                  (boots unavailable)
Stlth    ++........             (no amulet)
HPRegen  0.06/turn              (no ring)
MPRegen  0.10/turn              (no ring)

@: no status effects
A: beak, talons 3
a: no special abilities


You were on level 3 of the Dungeon.
You were hungry.

You visited 1 branch of the dungeon, and saw 3 of its levels.

You collected 37 gold pieces.

Inventory:

Hand Weapons
 n - a +0 hunting sling
 p - a +0 spear (weapon)
Missiles
 e - 69 arrows
 g - 17 javelins (quivered)
 m - 33 stones
 o - 24 bolts
 q - 12 sling bullets
Armour
 a - a +0 robe (worn)
 r - a +2 pair of gloves (worn)
Scrolls
 k - a scroll of amnesia {unknown}
 s - a scroll of identify
 t - a scroll of remove curse {unknown}
 u - a scroll of blinking {unknown}
 v - a scroll of magic mapping
Potions
 d - 2 potions of mutation {unknown}
 f - a potion of heal wounds {unknown}
 h - 2 potions of might
 j - a potion of degeneration {unknown}
 l - a potion of agility {unknown}
Books
 b - a book of Callings

   Spells                             Type                      Level
   a - Summon Small Mammal            Summoning                    1
   b - Call Imp                       Summoning                    2
   c - Call Canine Familiar           Summoning                    3
   d - Summon Guardian Golem          Hexes/Summoning              3
   e - Summon Lightning Spire         Summoning/Air                4
   f - Summon Ice Beast               Ice/Summoning                4
 i - a book of Minor Magic

   Spells                             Type                      Level
   a - Magic Dart                     Conjuration                  1
   b - Blink                          Translocation                2
   c - Call Imp                       Summoning                    2
   d - Slow                           Hexes                        2
   e - Conjure Flame                  Conjuration/Fire             3
   f - Mephitic Cloud                 Conjuration/Poison/Air       3
Comestibles
 c - 4 rations


   Skills:
 + Level 0.1 Polearms
 - Level 2.1 Dodging
 + Level 2.3 Stealth
 * Level 2.5 Spellcasting
 * Level 5.4 Summonings


You had 4 spell levels left.
You knew the following spells:

 Your Spells              Type           Power        Failure   Level  Hunger
a - Summon Small Mammal   Summ           ###.         2%          1    #......
b - Call Imp              Summ           ###.....     3%          2    ##.....


Dungeon Overview and Level Annotations

Branches:
Dungeon (3/15)

Altars:


Innate Abilities, Weirdness & Mutations

You have a beak for a mouth.
You have claws for feet.


Message History

The orc wizard blinks!
Your crimson imp blinks!
Your crimson imp blinks!
The orc wizard hits something but does no damage.
The orc wizard points at you and mumbles some strange words.
The magic dart hits your crimson imp.
Your crimson imp dies!
Found 18 stones.
You hear a distant blaring wail to the south.
You see here 18 stones.
Throwing (i - inventory. (,) - cycle):
g - 18 javelins (quivered)
Press: ? - help, Shift-Dir - straight line, f/p - orc warrior
Aim: an orc warrior, wielding a long sword and wearing a chain mail You throw a javelin.
The javelin closely misses the orc warrior.
The javelin hits the orc.
The orc is moderately wounded.
The orc warrior hits you with a long sword!!
Ouch! That really hurt!
You die...

....(..(.ยง.oo..>#
......)####o..#.#
......# ##.#o.#
.....# ##.#o##
#...# ##.###.##
##+# #.# ##(#
##.###o## #.#o##
#@## #.# #.# ..#
###


You could see an orc warrior and an orc.

Vanquished Creatures
  A worm (D:2)
  A dart slug (D:1)
  2 giant cockroaches (D:1)
  A goblin (D:2)
  A hobgoblin (D:3)
  A rat (D:1)
7 creatures vanquished.

Vanquished Creatures (collateral kills)
  A dart slug (D:1)
  An orc (D:3)
  A ball python (D:2)
  8 goblins
  3 hobgoblins
  A quokka (D:2)
  3 bats
  3 frilled lizards (D:2)
  4 kobolds
  3 rats
28 creatures vanquished.

Grand Total: 35 creatures vanquished

Notes
Turn   | Place    | Note
-------+----------+-------------------------------------------
     0 | D:1      | Brecoman the Tengu Summoner began the quest for the Orb.
     0 | D:1      | Reached XP level 1. HP: 10/10 MP: 4/4
   256 | D:1      | Reached skill level 5 in Summonings
   256 | D:1      | Reached XP level 2. HP: 15/15 MP: 3/6
   766 | D:1      | Learned a level 2 spell: Call Imp
   864 | D:2      | Found a faded altar of an unknown god.
  1006 | D:2      | Reached XP level 3. HP: 15/19 MP: 2/7
  1594 | D:3      | Noticed an orc warrior
  1622 | D:3      | Demolished by an orc warrior

Skill      XL: |  1 |
---------------+----+-----
Summonings     | 5 |  5.4
Polearms       | |  0.1
Dodging        | |  2.1
Stealth        | |  2.3
Spellcasting   | |  2.5

Action                   || total
-------------------------++-------
Melee: Unarmed           ||     9
       Peck              ||     3
       Kick              ||     5
       Hunting sling     ||     5
       Spear             ||    10
 Fire: Hunting sling     ||     3
Throw: Javelin           ||     2
 Cast: Summon Small Mamm ||    35
       Call Imp          ||    24
  Use: Scroll            ||     4
 Stab: Sleeping          ||     1
       Distracted        ||     1
  Eat: Ration            ||     1
Armor: Robe              ||     8
Dodge: Dodged            ||    31
